 Dungeon Crawl Stone Soup version 0.29.1-4-g47bece8355 (webtiles) character file.

Game seed: 16159076157232597931

19426 KittyFluff the Cruncher (level 12, -3/72 HPs)
             Began as a Gargoyle Berserker on Dec 2, 2022.
             Was a High Priest of Trog.
             Slain by a cane toad (17 damage)
             ... on level 1 of the Lair of Beasts on Dec 3, 2022.
             The game lasted 00:52:36 (9458 turns).

KittyFluff the Cruncher (Gargoyle Berserker)        Turns: 9458, Time: 00:52:37

Health: -3/72      AC: 22    Str: 20    XL:     12   Next: 68%
Magic:  12/12      EV: 16    Int: 10    God:    Trog [*****.]
Gold:   791        SH:  0    Dex: 13    Spells: 11/11 levels left

rFire   + . .      SeeInvis .   i - +3 quarterstaff
rCold   + + .      Faith    .   (shield currently unavailable)
rNeg    + . .      Spirit   .   R - +1 ring mail {rC+}
rPois   ∞          Reflect  .   b - +1 hat
rElec   +          Harm     .   v - scarf {rC+ rF+}
rCorr   .          Rampage  .   H - +2 pair of gloves
Will    .....                   (no boots)
Stlth   ++........              (no amulet)
HPRegen 0.22/turn               q - +4 ring of evasion
MPRegen 0.13/turn               F - +4 ring of slaying

@: on berserk cooldown, slowed, very slow
A: sickness immunity, AC +8, negative energy resistance 1, electricity
resistance, torment resistance 1, petrification resistance
a: Renounce Religion, Berserk, Trog's Hand, Brothers in Arms


You were on level 1 of the Lair of Beasts.
You worshipped Trog.
Trog was extremely pleased with you.
You visited 2 branches of the dungeon, and saw 11 of its levels.
You also visited: Bailey.

You collected 791 gold pieces.

Inventory:

Hand Weapons
 i - a +3 quarterstaff (weapon)
 p - a +0 lajatang
 z - a +0 vorpal mace
 S - a +0 quarterstaff
Missiles
 d - 29 curare-tipped darts
 k - 50 stones
 l - 15 poisoned darts
 x - 19 boomerangs (quivered)
 B - 8 javelins
 J - 2 throwing nets
 N - 4 datura-tipped darts
 O - 4 atropa-tipped darts
Armour
 b - a +1 hat (worn)
 g - +0 steam dragon scales
 v - a scarf of resistance (worn)
 C - a +2 robe of cold resistance
 H - a +2 pair of gloves (worn)
 K - a +2 chain mail of poison resistance
 M - a +2 robe of positive energy
 P - the +9 scales of the Dragon King {rPois rF+ rC+ Will+}
   (You found it in a bailey)

   rF:        It protects you from fire.
   rC:        It protects you from cold.
   rPois:     It protects you from poison.
   Will:      It increases your willpower.
 R - a +1 ring mail of cold resistance (worn)
Jewellery
 q - a +4 ring of evasion (left hand)
 F - a +4 ring of slaying (right hand)
 G - a ring of protection from cold
 Q - a ring of fire
Wands
 s - a wand of flame (20)
 I - a wand of charming (24)
 U - a wand of polymorph (1)
Scrolls
 c - 4 scrolls of fear {unknown}
 e - 4 scrolls of noise
 j - 3 scrolls of fog {unknown}
 n - 3 scrolls of poison
 o - a scroll of amnesia {unknown}
 r - 4 scrolls of teleportation
 t - 2 scrolls of immolation {unknown}
 y - 3 scrolls of vulnerability {unknown}
 L - 2 scrolls of enchant armour {unknown}
Potions
 a - a potion of berserk rage
 f - 4 potions of attraction
 h - a potion of resistance
 m - 4 potions of heal wounds
 u - a potion of invisibility
 w - a potion of cancellation
 A - 3 potions of curing
 D - 3 potions of haste {unknown}
 E - a potion of lignification {unknown}
 T - 2 potions of mutation {unknown}


   Skills:
 + Level 7.2 Fighting
 + Level 7.3(11.4) Maces & Flails
 + Level 13.6(14.3) Staves
 + Level 3.0 Throwing
 * Level 12.2 Armour
 + Level 4.7 Dodging
 + Level 2.9 Stealth


You had 11 spell levels left.
You didn't know any spells.
Your spell library was empty.

Dungeon Overview and Level Annotations

Branches:
Dungeon (10/15)            Temple (0/1) D:6            Lair (1/5) D:9
 Bailey (visited)
    Orc: D:9-12

Altars:
Ashenzari
Elyvilon
Gozag
Hepliaklqana
Okawaru
Ru
Uskayaw
Vehumet
Zin

Shops:
D:7 :

Annotations:
Lair:1 Gastronok


Innate Abilities, Weirdness & Mutations

You are immune to sickness and miasma.
Your stone body is resilient. (AC +8)
You are immune to poison.
You resist negative energy. (rN+)
You are resistant to electric shocks. (rElec)
You are resistant to unholy torment.
You are immune to petrification.


Message History

The seven-headed hydra bites you but does no damage.
The seven-headed hydra bites you!
The seven-headed hydra closely misses you. x2
The seven-headed hydra bites you. The seven-headed hydra misses you.
The seven-headed hydra bites you!
You bludgeon the seven-headed hydra!!
The seven-headed hydra is almost dead.
You bludgeon the seven-headed hydra!!
You kill the seven-headed hydra!
Trog accepts your kill.
Your Throwing skill increases to level 3!
You start resting.
You feel a strong urge to attack something.
You start resting.
You feel your anger nearly subside.
You start resting.
You are no longer berserk.
You are exhausted.
You feel yourself slow down.
You start resting.
A cane toad comes into view.
The cane toad stings you.
You hit the cane toad.
The cane toad is lightly wounded.
The cane toad misses you.
You hit the cane toad but do no damage.
The cane toad is lightly wounded.
The cane toad barely misses you.
You completely miss the cane toad.
The cane toad is lightly wounded.
The cane toad stings you.
You hit the cane toad.
The cane toad is lightly wounded.
The cane toad stings you.
You barely miss the cane toad.
The cane toad is lightly wounded.
The cane toad stings you!
* * * LOW HITPOINT WARNING * * *
You feel better. The cane toad misses you. The cane toad stings you!
You die...

#..# .
.............. ##.!#
. #..##..#......
#....#. ..
#..........
......##.
##......... ......
.......... #..###
.....>.... #....#
..........
##.##.......w.......
#.†@######...
P....#F## .....#.#
..... ... ...~P....
.~~~..... ♣♣~~.P....
~♣~...


You could see a cane toad.

Vanquished Creatures
  A hydra (Lair:1)
  An orc knight (Bailey)
  A manticore (D:10)
  A cane toad (Lair:1)
  A blink frog (Lair:1)
  9 yaks
  Sigmund (D:4)
  2 shadows
  2 wraiths
  7 steam dragons
  3 acid dragons
  4 water moccasins
  4 orc warriors
  3 sky beasts
  An ogre (D:7)
  A centaur (D:9)
  A phantom (D:7)
  5 kobold brigands (Bailey)
  A necrophage (D:5)
  5 bullfrogs
  A gnoll sergeant (D:9)
  3 scorpions
  A wight (D:8)
  8 killer bees
  3 howler monkeys
  3 hounds (D:5)
  5 orc priests
  4 jellies
  A gnoll bouda (D:6)
  An iguana (D:6)
  Jessica (D:2)
  11 orc wizards
  18 gnolls
  8 adders
  A shadow imp (D:6)
  3 white imps
  An ufetubus (D:5)
  A worm (D:2)
  A dart slug (D:5)
  28 orcs
  2 bats (D:1)
  6 endoplasms
  2 giant cockroaches
  6 hobgoblins
  11 kobolds
  4 quokkas
  12 ball pythons
  3 frilled lizards
  5 goblins
  5 rats
213 creatures vanquished.

Vanquished Creatures (others)
  A fungus (Lair:1)
  4 plants (Lair:1)
5 creatures vanquished.

Grand Total: 218 creatures vanquished

Notes
Turn   | Place    | Note
-------+----------+-------------------------------------------
     0 | D:1      | KittyFluff the Gargoyle Berserker began the quest for the
                  | Orb.
     0 | D:1      | Reached XP level 1. HP: 14/14 MP: 1/1
   278 | D:1      | Reached XP level 2. HP: 18/19 MP: 2/2
   543 | D:2      | Found a faded altar of an unknown god.
   617 | D:2      | Reached XP level 3. HP: 23/23 MP: 3/3
   648 | D:2      | Reached ** piety under Trog
   977 | D:2      | Reached XP level 4. HP: 24/29 MP: 4/4
  1142 | D:2      | Noticed Jessica
  1153 | D:2      | Killed Jessica
  1154 | D:2      | Reached skill level 1 in Staves
  1318 | D:3      | Reached XP level 5. HP: 27/33 MP: 5/5
  1326 | D:3      | Reached skill level 2 in Staves
  1844 | D:4      | Noticed Sigmund
  1995 | D:4      | Reached skill level 1 in Stealth
  1995 | D:4      | Reached XP level 6. HP: 33/38 MP: 6/6
  2106 | D:4      | Killed Sigmund
  2107 | D:4      | Reached skill level 5 in Maces & Flails
  2107 | D:4      | Reached skill level 3 in Staves
  2107 | D:4      | Reached XP level 7. HP: 12/42 MP: 7/7
  2704 | D:5      | Entered Level 5 of the Dungeon
  3007 | D:5      | Reached skill level 4 in Staves
  3203 | D:5      | Reached *** piety under Trog
  3245 | D:5      | Reached XP level 8. HP: 38/48 MP: 8/8
  3324 | D:5      | Found a radiant altar of Vehumet.
  3428 | D:5      | Reached skill level 5 in Staves
  3967 | D:6      | Found an opulent altar of Gozag.
  4270 | D:6      | Found a white marble altar of Elyvilon.
  4293 | D:6      | Reached skill level 5 in Armour
  4460 | D:6      | Reached skill level 6 in Staves
  4481 | D:6      | Reached XP level 9. HP: 31/53 MP: 9/9
  4503 | D:6      | Reached skill level 5 in Fighting
  4651 | D:6      | Found a staircase to the Ecumenical Temple.
  4961 | D:7      | Found Nyuts's Vocational Training.
  4999 | D:7      | You fall into a shaft and drop 3 floors!
  4999 | D:10     | Entered Level 10 of the Dungeon
  5096 | D:9      | Reached skill level 7 in Staves
  5198 | D:8      | Reached **** piety under Trog
  5383 | D:7      | Found a flagged portal.
  5467 | Bailey   | Entered a bailey
  5701 | Bailey   | Noticed an orc knight
  5712 | Bailey   | Reached skill level 1 in Throwing
  5725 | Bailey   | Killed an orc knight
  5857 | Bailey   | Found the +9 scales of the Dragon King {rPois rF+ rC+
                  | Will+}
  5859 | Bailey   | Found a bloodstained altar of Trog.
  5934 | D:7      | Reached XP level 10. HP: 60/60 MP: 10/10
  5978 | D:7      | Reached skill level 8 in Staves
  6480 | D:8      | Reached skill level 12 in Staves
  6480 | D:8      | Reached XP level 11. HP: 64/64 MP: 11/11
  6481 | D:8      | Reached XP level 12. HP: 69/69 MP: 12/12
  6665 | D:8      | Reached skill level 13 in Staves
  6718 | D:8      | Reached ***** piety under Trog
  7178 | D:8      | Found a hide-covered altar of Uskayaw.
  7182 | D:8      | Found a sacrificial altar of Ru.
  7258 | D:8      | Found a glowing silver altar of Zin.
  7528 | D:9      | Found a hazy altar of Hepliaklqana.
  7669 | D:9      | Found an iron altar of Okawaru.
  8071 | D:9      | Found a staircase to the Lair.
  8272 | D:8      | Found a broken altar of Ashenzari.
  9214 | Lair:1   | Entered Level 1 of the Lair of Beasts
  9356 | Lair:1   | Noticed Gastronok
  9433 | Lair:1   | Noticed a seven-headed hydra
  9445 | Lair:1   | Killed a seven-headed hydra
  9458 | Lair:1   | Slain by a cane toad

Illustrated notes

Levels and vault maps discovered:
D:1:      minmay_arrival_split_and_join, layout_basic
D:2:      layout_rooms, chequers_ecumenical_altar_island, uniq_jessica
D:3:      layout_rooms, minmay_misc_feat_secret_circle
D:4:      layout_rooms, uniq_sigmund
D:5:      layout_basic, mainiacjoe_overflow_small_starburst
D:6:      layout_basic, mainiacjoe_overflow_cross_hatched,
          nicolae_gozag_seed_capital, minmay_temple_entry_hall
D:7:      layout_loops_ring, enter_bailey_4, nicolae_shop_vocational
D:8:      minmay_chambers_of_fours, layout_loops_ring,
          nicolae_overflow_hidden_temple, grunt_ministairs_9
D:9:      layout_loops_ring, okawaru_trees_2, mainiacjoe_overflow_alcove_2,
          lair_entry_dummy
D:10:     layout_loops_ring, serial_glass, glass_columns_b, glass_columns_a
Lair:1:   minmay_lair_oklob_tunnel, layout_gridlike, minivault_19,
          serial_bayou_pond_a, serial_bayou_shore_a, uniq_gastronok

Skill      XL: |  1  2  3  4  5  6  7  8  9 10 11 12 |
---------------+-------------------------------------+-----
Maces & Flails | 4 5 6 7 |  7.3
Staves         | 1 2 3 4 6 7 12 13 | 13.6
Dodging        | 2 3 4 |  4.7
Armour         | 3 4 5 6 11 12 | 12.2
Stealth        | 1 2 |  2.9
Fighting       | 4 5 7 |  7.2
Throwing       | 2 3 |  3.0

Action                   |  1- 3 |  4- 6 |  7- 9 | 10-12 || total
-------------------------+-------+-------+-------+-------++-------
Melee: Mace              |    28 |       |       |       ||    28
       Quarterstaff      |    53 |    61 |   342 |   277 ||   733
       Lajatang          |       |       |       |    26 ||    26
Throw: Stone             |       |     3 |     3 |       ||     6
       Boomerang         |       |       |    30 |     9 ||    39
Invok: Berserk           |     1 |     1 |     4 |     2 ||     8
  Use: Scroll            |     2 |     2 |     2 |     7 ||    13
       Potion            |       |       |     2 |     3 ||     5
Armor: Animal skin       |    24 |     7 |       |       ||    31
       Leather armour    |       |     8 |    29 |       ||    37
       Robe              |       |       |    69 |     4 ||    73
       Ring mail         |       |       |       |    81 ||    81
Dodge: Dodged            |    52 |    45 |   298 |   160 ||   555
